 Dungeon Crawl Stone Soup version 0.26-a0-612-gd4d190f45e (webtiles) character file.

Game seed: 2543170149144228637

26 Descartes the Sneak (level 2, -1/14 HPs)
             Began as a Felid Delver on Sept 9, 2020.
             Slain by an adder (4 damage)
             ... in a sewer.
             The game lasted 00:01:06 (145 turns).

Descartes the Sneak (Felid Delver)                   Turns: 145, Time: 00:01:07

Health: -1/14      AC:  1    Str:  8    XL:     2   Next: 89%
Magic:  3/3        EV: 18    Int: 11    God:
Gold:   0          SH:  0    Dex: 17    Spells: 1/1 levels left
                                        Lives:  0   Deaths: 0

rFire    . . .     SeeInvis +     - Unarmed
rCold    . . .     Faith    .   (shield unavailable)
rNeg     . . .     Spirit   .   (armour unavailable)
rPois    .         Reflect  .   (helmet unavailable)
rElec    .         Harm     .   (cloak unavailable)
rCorr    .                      (gloves unavailable)
MR       .....                  (boots unavailable)
Stlth    ++........             (no amulet)
HPRegen  0.04/turn              (no ring)
MPRegen  0.08/turn              (no ring)

@: lethally poisoned (-1 -> -7), very slow
A: very small, no armour, no weapons or thrown items, stealth, claws 1, fangs 3,
see invisible, speed 1, shaggy fur 1, sharp paws
a: no special abilities


You were in a sewer.
You visited 1 branch of the dungeon, and saw 2 of its levels.
You also visited: Sewer.

Inventory:

Wands
 e - a wand of digging (3)
Scrolls
 a - a scroll of fog
 c - a scroll of fear
Potions
 d - a potion of haste


   Skills:
 - Level 3.0 Fighting
 - Level 2.6 Dodging
 + Level 7.8 Stealth
 - Level 2.0 Unarmed Combat


You had one spell level left.
You didn't know any spells.
Your spell library was empty.

Dungeon Overview and Level Annotations

Branches:
Dungeon (5/15)              Sewer (1/1)
 Temple: D:4-7

Altars:


Innate Abilities, Weirdness & Mutations

You cannot wear armour.
You are incapable of wielding weapons or throwing items.
Your paws allow you to move quietly. (Stealth)
You have sharp claws.
You have razor-sharp teeth.
You have supernaturally acute eyesight. (SInv)
You cover ground quickly.
You are covered in fur. (AC +1)
Your sharp claws are effective at attacking unaware monsters.


Message History

Your unstable footing causes you to fumble your attack.
The adder bites you.
You are poisoned.
The adder poisons you!
You miss the adder.
You feel sick. The adder bites you.
You are lethally poisoned!
The adder poisons you!
Your unstable footing causes you to fumble your attack.
You feel sick. The adder misses you.
Your unstable footing causes you to fumble your attack.
The adder barely misses you. x2
Your unstable footing causes you to fumble your attack.
You feel sick. The adder bites you.
* * * LOW HITPOINT WARNING * * *
Your unstable footing causes you to fumble your attack.
The adder barely misses you.
You miss the adder.
* * * LOW HITPOINT WARNING * * *
You feel sick. The adder misses you. The adder bites you.
You die...

#≈# #≈# #≈# #≈# #.# #≈#
#S#
######@################
...≈≈.≈≈≈≈.≈≈.≈.≈...≈≈≈.
.≈..≈≈≈.≈≈.≈....≈.≈.≈≈.≈
########################


You could see an adder.

Vanquished Creatures
  A worker ant (D:4)
  A ball python (D:4)
  3 bats (D:4)
  A frilled lizard (Sewer)
6 creatures vanquished.

Notes
Turn   | Place    | Note
-------+----------+-------------------------------------------
     0 | D:5      | Descartes the Felid Delver began the quest for the Orb.
     0 | D:5      | Reached XP level 1. HP: 10/10 MP: 2/2
    16 | D:5      | Noticed a jelly
    42 | D:4      | Noticed a worker ant
    48 | D:4      | Killed a worker ant
    48 | D:4      | Reached skill level 7 in Stealth
    48 | D:4      | Reached XP level 2. HP: 14/14 MP: 3/3
    60 | D:4      | Found a glowing drain.
    97 | Sewer    | Entered a sewer
   145 | Sewer    | Slain by an adder

Illustrated notes

Levels and vault maps discovered:
D:4:      layout_gridville, cheibrodos_sewer_entry_sluice
D:5:      layout_loops_ring, minitemple, minmay_temple_entry_mist,
          serial_rivers, chequers_serial_rivers_small_b,
          chequers_serial_rivers_small_3, chequers_serial_rivers_small_3,
          chequers_serial_rivers_small_3, chequers_serial_rivers_micro_c,
          nicolae_dithmenos_shadow_blocks, uniq_blork_the_orc, uniq_duvessa
Sewer:    sewer_co_cracked_pipes

Skill      XL: |  1 |
---------------+----+-----
Stealth        | 7 |  7.8
Fighting       | |  3.0
Dodging        | |  2.6
Unarmed Combat | |  2.0

Action                   || total
-------------------------++-------
Melee: Unarmed           ||    20
  Use: Scroll            ||     1
 Stab: Sleeping          ||     3
Armor: Skin              ||     3
Dodge: Dodged            ||    23

Table legend: (Time is in decaauts)
 A = Elapsed time spent in this place.
 B = Non-inter-level travel time spent in this place.
 C = Inter-level travel time spent in this place.
 D = Time resting spent in this place.
 E = Time spent auto-exploring this place.
 F = Levels seen in this place.
 G = Mean time per level.
                   A        B        C        D        E       F      G
               +--------+--------+--------+--------+--------+-----+--------+
         Total |    132 |    132 |      0 |      0 |     30 |   3 |   44.0 |
       Dungeon |     82 |     82 |      0 |      0 |      9 |   2 |   41.0 |
         Sewer |     49 |     49 |      0 |      0 |     20 |   1 |   49.0 |
               +--------+--------+--------+--------+--------+-----+--------+

Top non-repeatable levels by time:
     D:4: 65 daAuts
   Sewer: 49 daAuts
     D:5: 17 daAuts
